[ AOE2 MATCH · #513733909 ]
UnrankedJapanese vs Chinese
Player's team · WIN
Rival team · LOSS
[ REPLAY ANALYSIS · EXTRACTED FROM THE RECORDED GAME ]
Feudal
10:23
Castle
22:11
Imperial
—
| APM avg | 58.5 |
| APM peak | 115 |
| eAPM avg | 28.1 |
| Villagers / military | 70 / 36 |
Focus
⚔️ 65.7% · 🌾 34.3%
Archer ×21 · Skirmisher ×10 · Militia ×5
Feudal
9:24
Castle
23:30
Imperial
—
| APM avg | 46.8 |
| APM peak | 89 |
| eAPM avg | 15.8 |
| Villagers / military | 51 / 34 |
Focus
⚔️ 41.3% · 🌾 58.7%
Skirmisher ×15 · Archer ×12 · Knight ×4 · Scout Cavalry ×3
Match map
Initial resources + every placement click. Lines = walls · curves = elevation contours. ◆ gold · ⬟ stone · ● berries · ✦ relic · ◌ wall gap
Your base· Open — 9t gap
JadeArrowGamer's base· Open — unwalled flank
Smoothed initial terrain · ◌ = detected wall gap · hover for details
Inputs per minute
— YuriusuNovakuro - - JadeArrowGamer
Build order — YuriusuNovakuro
First 150 of 184 actions detected
| 0:03 | queue | Villager (Male) |
| 0:04 | queue | Villager (Male) |
| 0:04 | queue | Villager (Male) |
| 0:04 | queue | Villager (Male) |
| 0:04 | queue | Villager (Male) |
| 0:06 | Build | House |
| 0:07 | Build | House |
| 1:29 | queue | Villager (Male) |
| 1:56 | Build | Lumber Camp |
| 2:05 | queue | Villager (Male) |
| 2:25 | queue | Villager (Male) |
| 2:25 | queue | Villager (Male) |
| 3:25 | queue | Villager (Male) |
| 3:31 | queue | Villager (Male) |
| 3:42 | queue | Villager (Male) |
| 3:56 | Build | House |
| 4:04 | queue | Villager (Male) |
| 4:04 | queue | Villager (Male) |
| 4:15 | Build | Barracks |
| 4:24 | queue | Villager (Male) |
| 4:38 | Build | Palisade Wall |
| 4:49 | queue | Villager (Male) |
| 5:02 | Build | House |
| 5:25 | queue | Villager (Male) |
| 5:36 | queue | Militia |
| 5:36 | queue | Militia |
| 5:47 | Build | Mill |
| 5:51 | queue | Villager (Male) |
| 5:54 | queue | Militia |
| 5:56 | queue | Villager (Male) |
| 6:25 | queue | Villager (Male) |
| 6:55 | queue | Villager (Male) |
| 6:56 | Research | Loom |
| 8:06 | queue | Villager (Male) |
| 8:13 | Research | Feudal Age |
| 8:13 | Research | Feudal Age |
| 8:20 | Build | House |
| 8:55 | Build | Mining Camp |
| 9:24 | queue | Militia |
| 9:24 | queue | Militia |
| 10:20 | queue | Villager (Male) |
| 10:23 | Age | Feudal Age |
| 10:27 | Research | Man-at-Arms (upgrade) |
| 10:36 | queue | Villager (Male) |
| 10:38 | Build | Archery Range |
| 10:38 | queue | Villager (Male) |
| 10:43 | Research | Double-Bit Axe |
| 10:55 | Build | House |
| 11:08 | queue | Villager (Male) |
| 11:40 | queue | Villager (Male) |
| 11:47 | queue | Villager (Male) |
| 11:54 | queue | Villager (Male) |
| 12:11 | queue | Archer |
| 12:11 | queue | Archer |
| 12:12 | Build | House |
| 12:13 | queue | Archer |
| 12:23 | queue | Villager (Male) |
| 12:27 | queue | Villager (Male) |
| 12:39 | Build | House |
| 12:45 | Build | Farm |
| 12:52 | queue | Skirmisher |
| 12:54 | Build | House |
| 12:55 | Build | House |
| 13:06 | Build | Blacksmith |
| 13:13 | Build | Palisade Wall |
| 13:24 | Build | Farm |
| 13:25 | Build | Farm |
| 13:26 | Build | Farm |
| 13:35 | queue | Skirmisher |
| 13:38 | queue | Villager (Male) |
| 13:42 | Build | House |
| 13:43 | Build | House |
| 13:48 | Build | Farm |
| 13:51 | Build | Farm |
| 13:53 | Research | Fletching |
| 14:09 | Build | Farm |
| 14:09 | queue | Villager (Male) |
| 14:09 | queue | Villager (Male) |
| 14:15 | Build | Farm |
| 14:23 | Build | Farm |
| 14:35 | queue | Archer |
| 14:41 | Build | Farm |
| 14:44 | Build | Farm |
| 14:46 | queue | Villager (Male) |
| 14:46 | queue | Villager (Male) |
| 15:00 | Build | House |
| 15:04 | queue | Archer |
| 15:07 | Build | Farm |
| 15:08 | queue | Villager (Male) |
| 15:14 | Build | Farm |
| 15:18 | Build | House |
| 15:46 | queue | Villager (Male) |
| 15:49 | queue | Villager (Male) |
| 15:50 | queue | Archer |
| 15:50 | queue | Archer |
| 15:52 | queue | Villager (Male) |
| 15:55 | Build | Farm |
| 16:05 | Build | Farm |
| 16:18 | Build | Farm |
| 16:21 | Build | Farm |
| 16:29 | queue | Villager (Male) |
| 16:40 | Build | Farm |
| 16:42 | queue | Villager (Male) |
| 16:48 | queue | Archer |
| 16:49 | queue | Villager (Male) |
| 17:05 | Build | House |
| 17:07 | Build | Farm |
| 17:10 | queue | Villager (Male) |
| 17:44 | queue | Villager (Male) |
| 17:58 | Build | Lumber Camp |
| 18:03 | queue | Skirmisher |
| 18:03 | queue | Skirmisher |
| 18:08 | queue | Villager (Male) |
| 18:19 | Build | House |
| 18:21 | Build | House |
| 18:21 | queue | Villager (Male) |
| 18:23 | queue | Villager (Male) |
| 18:36 | queue | Villager (Male) |
| 18:57 | queue | Skirmisher |
| 19:24 | queue | Archer |
| 19:29 | Build | Archery Range |
| 19:30 | Research | Castle Age |
| 19:49 | Build | Mining Camp |
| 19:53 | Build | House |
| 19:56 | Build | House |
| 20:09 | queue | Archer |
| 20:10 | queue | Archer |
| 20:11 | queue | Villager (Male) |
| 20:17 | Research | Gold Mining |
| 20:19 | queue | Villager (Male) |
| 20:34 | Build | House |
| 20:35 | Build | House |
| 20:52 | queue | Skirmisher |
| 20:52 | queue | Skirmisher |
| 20:53 | queue | Archer |
| 20:53 | queue | Archer |
| 21:02 | queue | Villager (Male) |
| 21:09 | queue | Skirmisher |
| 21:10 | queue | Archer |
| 21:15 | Research | Padded Archer Armor |
| 21:16 | queue | Villager (Male) |
| 21:41 | queue | Villager (Male) |
| 21:45 | queue | Villager (Male) |
| 21:45 | queue | Villager (Male) |
| 21:45 | queue | Villager (Male) |
| 21:46 | queue | Villager (Male) |
| 21:53 | Build | House |
| 22:03 | queue | Archer |
| 22:03 | queue | Archer |
| 22:10 | Build | Lumber Camp |
Build order — JadeArrowGamer
148 actions detected in the replay
| 0:00 | Research | Loom |
| 0:44 | queue | Villager (Male) |
| 1:09 | queue | Villager (Male) |
| 1:25 | Build | Lumber Camp |
| 1:33 | queue | Villager (Male) |
| 2:00 | queue | Villager (Male) |
| 2:25 | queue | Villager (Male) |
| 2:54 | queue | Villager (Male) |
| 2:54 | queue | Villager (Male) |
| 3:20 | queue | Villager (Male) |
| 3:26 | Build | House |
| 3:38 | queue | Villager (Male) |
| 3:55 | Build | Mining Camp |
| 4:01 | Build | House |
| 4:08 | queue | Villager (Male) |
| 4:25 | queue | Villager (Male) |
| 4:26 | queue | Villager (Male) |
| 4:58 | queue | Villager (Male) |
| 4:58 | queue | Villager (Male) |
| 5:08 | Build | Mill |
| 5:22 | queue | Villager (Male) |
| 6:10 | queue | Villager (Male) |
| 6:48 | queue | Villager (Male) |
| 7:14 | Research | Feudal Age |
| 7:44 | Build | Barracks |
| 8:10 | queue | Villager (Male) |
| 8:16 | Build | House |
| 8:23 | queue | Villager (Male) |
| 8:54 | queue | Villager (Male) |
| 9:24 | Age | Feudal Age |
| 9:25 | Build | Archery Range |
| 9:28 | Research | Double-Bit Axe |
| 9:51 | Build | House |
| 10:19 | queue | Archer |
| 10:23 | Build | Mining Camp |
| 10:27 | queue | Archer |
| 10:33 | Build | House |
| 10:38 | Build | Palisade Wall |
| 10:48 | queue | Villager (Male) |
| 10:48 | queue | Villager (Male) |
| 11:08 | Build | Palisade Wall |
| 11:13 | queue | Skirmisher |
| 11:24 | Build | Palisade Wall |
| 11:30 | Build | Palisade Wall |
| 11:33 | Build | Palisade Wall |
| 11:37 | Build | Palisade Wall |
| 12:04 | Build | House |
| 12:36 | queue | Villager (Male) |
| 12:37 | queue | Villager (Male) |
| 12:38 | queue | Archer |
| 12:56 | queue | Villager (Male) |
| 12:58 | Build | Blacksmith |
| 12:59 | queue | Villager (Male) |
| 13:00 | Build | Farm |
| 13:15 | queue | Archer |
| 13:25 | Build | House |
| 13:43 | queue | Skirmisher |
| 13:47 | Research | Fletching |
| 13:52 | Build | Farm |
| 13:57 | Build | House |
| 14:03 | queue | Skirmisher |
| 14:14 | queue | Villager (Male) |
| 14:16 | Build | House |
| 14:30 | Build | Palisade Wall |
| 14:34 | queue | Villager (Male) |
| 14:48 | Build | Stable |
| 14:53 | queue | Villager (Male) |
| 15:02 | Build | Farm |
| 15:04 | queue | Archer |
| 15:45 | queue | Scout Cavalry |
| 15:45 | queue | Scout Cavalry |
| 15:46 | queue | Villager (Male) |
| 15:46 | queue | Villager (Male) |
| 15:48 | Build | Farm |
| 15:49 | Build | Farm |
| 15:50 | Build | Farm |
| 15:54 | queue | Archer |
| 15:54 | queue | Archer |
| 15:58 | Build | House |
| 15:59 | Build | House |
| 16:06 | Build | Palisade Wall |
| 16:17 | Build | Farm |
| 16:22 | Build | Farm |
| 16:26 | Build | Farm |
| 16:37 | queue | Scout Cavalry |
| 16:37 | queue | Villager (Male) |
| 16:39 | queue | Archer |
| 16:45 | Build | Farm |
| 16:48 | Build | Farm |
| 16:53 | Build | Farm |
| 16:55 | queue | Archer |
| 17:08 | queue | Villager (Male) |
| 17:08 | queue | Villager (Male) |
| 17:11 | Build | Farm |
| 17:15 | Build | Palisade Wall |
| 17:22 | queue | Archer |
| 17:30 | queue | Villager (Male) |
| 17:34 | Build | Farm |
| 18:07 | Build | Farm |
| 18:08 | Build | Farm |
| 18:19 | queue | Villager (Male) |
| 18:22 | Build | Farm |
| 18:57 | queue | Villager (Male) |
| 19:16 | Build | Farm |
| 19:16 | Build | Farm |
| 19:31 | queue | Villager (Male) |
| 19:32 | queue | Archer |
| 19:34 | Build | Farm |
| 19:55 | queue | Villager (Male) |
| 20:06 | Build | Palisade Wall |
| 20:50 | Research | Castle Age |
| 20:51 | queue | Archer |
| 21:02 | queue | Skirmisher |
| 21:03 | queue | Skirmisher |
| 21:50 | queue | Skirmisher |
| 21:56 | Build | House |
| 21:57 | Build | House |
| 22:06 | Build | Archery Range |
| 22:11 | Research | Horse Collar |
| 22:13 | queue | Skirmisher |
| 22:13 | queue | Skirmisher |
| 22:19 | Research | Bloodlines |
| 22:25 | Research | Gold Mining |
| 22:32 | Build | Palisade Wall |
| 22:37 | queue | Skirmisher |
| 22:56 | Research | Scale Barding Armor |
| 23:13 | Build | Palisade Wall |
| 23:18 | Build | House |
| 23:30 | Age | Castle Age |
| 23:32 | Research | Bodkin Arrow |
| 23:33 | Research | Elite Skirmisher (upgrade) |
| 23:39 | queue | Knight |
| 23:40 | queue | Villager (Male) |
| 23:53 | queue | Skirmisher |
| 23:53 | queue | Skirmisher |
| 23:54 | queue | Villager (Male) |
| 24:18 | queue | Knight |
| 24:25 | queue | Skirmisher |
| 24:26 | queue | Skirmisher |
| 24:32 | queue | Villager (Male) |
| 24:36 | queue | Villager (Male) |
| 24:41 | queue | Skirmisher |
| 24:41 | queue | Skirmisher |
| 24:54 | Build | House |
| 24:56 | queue | Knight |
| 25:44 | queue | Villager (Male) ×5 |
| 25:45 | queue | Knight |
| 26:15 | queue | Villager (Male) ×3 |
Match timeline
| 4:15 | YuriusuNovakuro · first_building Barracks |
| 4:38 | YuriusuNovakuro · wall_segment Palisade Wall x2 |
| 7:44 | JadeArrowGamer · first_building Barracks |
| 9:24 | JadeArrowGamer · age_up feudal |
| 9:25 | JadeArrowGamer · first_building Archery Range |
| 10:23 | YuriusuNovakuro · age_up feudal |
| 10:38 | YuriusuNovakuro · first_building Archery Range |
| 10:38 | JadeArrowGamer · wall_segment Palisade Wall x1 |
| 11:08 | JadeArrowGamer · wall_segment Palisade Wall x1 |
| 11:24 | JadeArrowGamer · wall_segment Palisade Wall x1 |
| 11:30 | JadeArrowGamer · wall_segment Palisade Wall x1 |
| 11:33 | JadeArrowGamer · wall_segment Palisade Wall x3 |
| 11:37 | JadeArrowGamer · wall_segment Palisade Wall x1 |
| 13:13 | YuriusuNovakuro · wall_segment Palisade Wall x19 |
| 14:30 | JadeArrowGamer · wall_segment Palisade Wall x8 |
| 14:48 | JadeArrowGamer · first_building Stable |
| 16:06 | JadeArrowGamer · wall_segment Palisade Wall x10 |
| 17:15 | JadeArrowGamer · wall_segment Palisade Wall x5 |
| 20:06 | JadeArrowGamer · wall_segment Palisade Wall x12 |
| 22:11 | YuriusuNovakuro · age_up castle |
| 22:32 | JadeArrowGamer · wall_segment Palisade Wall x12 |
| 23:13 | JadeArrowGamer · wall_segment Palisade Wall x1 |
| 23:30 | JadeArrowGamer · age_up castle |
| 26:24 | JadeArrowGamer · resign |
[ AI ANALYSIS · 1 CREDIT ]
What really happened in this match?
Wolo.gg analyzes every decision: build order, eco, micro, common mistakes by bracket. Personalized analysis on WhatsApp or Discord in 30 seconds.
Civ guide
Japanese
Perfil
Jugador #23353296